 Dungeon Crawl Stone Soup version 0.29.1-2-gbd0b4ee654 (webtiles) character file.

Game seed: 5270296253017160355

67272 LustLizard the Marksspriggan (level 14, -4/72 HPs)
             Began as a Spriggan Hunter on Nov 29, 2022.
             Was the Champion of Dithmenos.
             Constricted to death by Jorgrun (6 damage)
             ... while petrified by Jorgrun
             ... on level 2 of the Orcish Mines.
             The game lasted 00:54:34 (21890 turns).

LustLizard the Marksspriggan (Spriggan Hunter)     Turns: 21890, Time: 00:54:35

Health: -4/72      AC: 13    Str:  7    XL:     14   Next: 82%
Magic:  20/20      EV:  1    Int: 12    God:    Dithmenos [******]
Gold:   2341       SH:  0    Dex: 22    Spells: 9/19 levels left

rFire   . . .      SeeInvis +   H - +6 hand crossbow (flame)
rCold   . . .      Faith    .   r - +0 buckler
rNeg    + + +      Spirit   .   L - +1 troll leather armour
rPois   ∞          Reflect  .   x - +0 hat
rElec   .          Harm     .   D - scarf {+Inv}
rCorr   .          Rampage  .   (gloves unavailable)
Will    ++...                   (boots unavailable)
Stlth   +++++++...              (no amulet)
HPRegen 1.02/turn               y - +4 ring of protection
MPRegen 0.17/turn               N - +4 ring of protection

@: petrified, grasped by roots, wreathed by umbra, constricted, very quick
A: very small, no large weapons, unfitting armour, see invisible, speed 3
a: Renounce Religion, Evoke Invisibility, Shadow Step, Shadow Form


You were on level 2 of the Orcish Mines.
You worshipped Dithmenos.
Dithmenos was exalted by your worship.
You visited 4 branches of the dungeon, and saw 21 of its levels.
You also visited: Gauntlet.

You collected 2581 gold pieces.
You spent 240 gold pieces at shops.

Inventory:

Hand Weapons
 a - a +1 shortbow
 F - a +0 arbalest
 H - a +6 hand crossbow of flaming (weapon)
Missiles
 A - 3 throwing nets
Armour
 c - a +0 robe
 r - a +0 buckler (worn)
 x - a +0 hat (worn)
 D - a scarf of invisibility (worn)
 E - +0 acid dragon scales
 L - a +1 troll leather armour (worn)
Jewellery
 k - a ring of resist corrosion
 m - a +6 ring of strength
 y - a +4 ring of protection (left hand)
 N - a +4 ring of protection (right hand)
 O - a ring of willpower
 R - a ring of wizardry
 S - a +6 ring of intelligence
 U - a +6 ring of dexterity
Wands
 z - a wand of mindburst (7)
 C - a wand of roots (9)
 I - a wand of light (11)
 K - a wand of flame (32)
 T - a wand of charming (19)
 W - a wand of digging (5)
Scrolls
 b - 5 scrolls of immolation
 e - 2 scrolls of magic mapping
 f - 3 scrolls of blinking
 g - 6 scrolls of teleportation
 j - 3 scrolls of vulnerability
 o - 2 scrolls of fear {unknown}
 v - 3 scrolls of butterflies
 B - 4 scrolls of enchant armour
 G - a scroll of poison
 J - 3 scrolls of noise
 Q - 3 scrolls of brand weapon
 X - 3 scrolls of amnesia
Potions
 d - 2 potions of resistance
 h - 4 potions of mutation
 i - 2 potions of attraction
 l - 3 potions of might
 n - 12 potions of curing
 p - a potion of magic
 q - 6 potions of haste
 s - 5 potions of degeneration
 t - 4 potions of heal wounds
 u - 7 potions of flight
 w - 2 potions of berserk rage
 P - 8 potions of ambrosia
 V - a potion of lignification
 Y - a potion of invisibility {unknown}
 Z - a potion of brilliance {unknown}
Miscellaneous
 M - a condenser vane


   Skills:
 - Level 7.2 Fighting
 * Level 17.7 Ranged Weapons
 - Level 10.8 Dodging
 - Level 7.1 Stealth
 + Level 5.7 Shields
 - Level 3.4 Spellcasting
 * Level 4.8 Conjurations
 * Level 10.8 Transmutations
 - Level 4.2 Fire Magic
 - Level 2.2 Air Magic
 - Level 5.0 Poison Magic
 - Level 6.0 Evocations


You had 9 spell levels left.
You knew the following spells:

 Your Spells              Type           Power      Damage    Failure   Level
a - Ignite Poison         Fire/Tmut/Pois 18%        N/A       13%         3
b - Poisonous Vapours     Pois/Air       20%        N/A       22%         2
c - Irradiate             Conj/Tmut      10%        3d15      58%         5

Your spell library contained the following spells:

 Spells                   Type           Power      Damage    Failure   Level
 Foxfire                  Conj/Fire      48%        2x1d6     11%         1
 Blade Hands              Tmut           14%        N/A       22%         5
 Conjure Flame            Conj/Fire      12%        6-21      30%         3
 Slow                     Hex            8%         N/A       54%         1
 Stone Arrow              Conj/Erth      14%        3d7       58%         3
 Inner Flame              Hex/Fire       7%         N/A       63%         3
 Flame Wave               Conj/Fire      12%        2d6       71%         4
 Sticky Flame             Conj/Fire      12%        2d4       71%         4
 Call Canine Familiar     Summ           2%         N/A       89%         3
 Confusing Touch          Hex            2%         N/A       89%         3
 Portal Projectile        Hex/Tloc       4%         N/A       89%         3
 Summon Guardian Golem    Hex/Summ       2%         N/A       89%         3
 Vampiric Draining        Necr           2%         2d6       89%         3
 Yara's Violent Unravell  Hex/Tmut       7%         3d5       89%         5
 Corpse Rot               Necr/Pois/Air  7%         N/A       94%         4
 Animate Armour           Summ/Erth      4%         N/A       100%        4
 Leda's Liquefaction      Hex/Erth       1%         N/A       100%        4
 Summon Ice Beast         Ice/Summ       2%         N/A       100%        4
 Summon Mana Viper        Hex/Summ       2%         N/A       100%        5
 Conjure Ball Lightning   Conj/Air       5%         3x3d6     100%        6
 Dragon Form              Tmut           14%        N/A       100%        7
 Enfeeble                 Hex            1%         N/A       100%        7
 Monstrous Menagerie      Summ           1%         N/A       100%        7
 Orb of Destruction       Conj           6%         9d6       100%        7
 Spellforged Servitor     Conj/Summ      3%         N/A       100%        7
 Discord                  Hex            1%         N/A       100%        8
 Disjunction              Tloc           1%         N/A       100%        8
 Lehudib's Crystal Spear  Conj/Erth      3%         10d3      100%        8


Dungeon Overview and Level Annotations

Branches:
Dungeon (13/15)            Temple (1/1) D:4            Lair (5/5) D:9
 Shoals (0/4) Lair:3        Snake (0/4) Lair:3        Slime (0/5) Lair:5
    Orc (2/2) D:10            Elf (0/3) Orc:2       Gauntlet (visited)
 Vaults: D:13-14

Altars:
Ashenzari
Cheibriados
Dithmenos
Elyvilon
Fedhas
Gozag
Hepliaklqana
Kikubaaqudgha
Makhleb
Nemelex Xobeh
Okawaru
Qazlal
Ru
Sif Muna
Trog
Uskayaw
Vehumet
Wu Jian
Xom
Yredelemnul
Zin
The Shining One
Jiyva

Shops:
D:3 (   D:8 [   D:9 (**   Orc:1 :

Portals:
Ice
Cave: Orc:2

Annotations:
Orc:2 Jorgrun


Innate Abilities, Weirdness & Mutations

You are very small and have problems with some larger weapons.
You are too small for most types of armour.
You have supernaturally acute eyesight. (SInv)
You cover ground extremely quickly. (Speed+++)


Message History

Dithmenos accepts your kill.
Your shadow shoots a bolt.
No target in view!
Items here: ) [ ††.
You shoot a bolt. The bolt hits Jorgrun!
The bolt burns Jorgrun.
Jorgrun is lightly wounded.
Jorgrun points at you and mumbles some strange words.
You are slowing down.
You shoot a bolt. The bolt hits Jorgrun!!
The bolt burns Jorgrun!
Jorgrun is heavily wounded.
Your shadow shoots a bolt.
The bolt barely misses Jorgrun.
Jorgrun gestures at you while chanting.
You shatter!!!
You hear a shout! x2
Your limbs are stiffening.
Fire: H) +6 hand crossbow (flame)
Press: ? - help, Q - select action, (/) - cycle Shift-Dir - straight line, f/p - Jorgrun
Aim: Jorgrun, wielding a staff of earth and wearing a +2 robe of cold resistance (heavily wounded, umbra, 66% to hit)
You shoot a bolt. The bolt barely misses Jorgrun.
You have turned to stone.
Jorgrun points at you and mumbles some strange words.
The iron shot hits you!!!
* * * LOW HITPOINT WARNING * * *
You emit a cloud of dark smoke.
Jorgrun gestures at you while chanting. You resist with almost no effort.
Jorgrun gestures at you while chanting.
Roots burst forth from the earth!
The grasping roots grab you! The grasping roots constrict you!
* * * LOW HITPOINT WARNING * * *
The grasping roots constrict you!
* * * LOW HITPOINT WARNING * * *
The orc wizard hits you but does no damage.
Jorgrun points at you and mumbles some strange words.
The iron shot hits you!!
* * * LOW HITPOINT WARNING * * *
The grasping roots constrict you. Jorgrun barely misses you.
The grasping roots constrict you!
You die...

......##.
#.......................)#.
#...........................
#..........o...............)
##....................#.....
#.........§.................
#.......§.o§§§..............
#........§go§§..............
#.......§§@§§..............
##...)...§§§§.§.............
#..)).)#.§§§§§§.............
#..........#................
#................#....#.....
##.......#.∩.#..............
#...........................
##.........#................
#......#....................


You could see Jorgrun, an orc sorcerer and an orc wizard.

Vanquished Creatures
  2 orc warlords (Orc:1)
  A dire elephant (Lair:5)
  A minotaur (Gauntlet)
  An ettin (Orc:1)
  A boulder beetle (Lair:1)
  6 hydras
  5 two-headed ogres
  7 death yaks (Lair:5)
  3 orc knights (Orc:2)
  2 lindwurms (Lair:5)
  2 ugly things (D:12)
  2 cyclopes (Orc:1)
  5 orc sorcerers
  7 elephants
  2 manticores
  10 black mambas
  A torpor snail (Lair:4)
  A gargoyle (D:11)
  11 cane toads
  6 rime drakes
  2 unseen horrors
  9 komodo dragons
  7 trolls
  A polar bear (Lair:5)
  A wind drake (Lair:3)
  A queen bee (Lair:2)
  11 blink frogs
  4 slime creatures (D:12)
  2 dream sheep (Lair:5)
  2 vampires
  5 wyverns
  A wraith (D:9)
  A basilisk (Lair:5)
  72 yaks
  2 vampire mosquitoes (D:12)
  12 wargs
  6 nagas (Lair:3)
  2 acid dragons
  21 water moccasins
  2 ice beasts
  3 black bears
  16 orc warriors
  A sky beast (D:8)
  2 centaurs
  39 wolves
  The ghost of tevo3000 the Chopper, an amateur DsCK of Xom (D:3)
  6 ogres
  6 bullfrogs
  A kobold brigand (D:8)
  4 phantoms
  2 gnoll sergeants
  2 scorpions
  7 wights
  14 killer bees (Lair:2)
  3 electric eels
  2 howler monkeys
  5 hounds
  21 orc priests
  An iron imp (Gauntlet)
  2 jellies
  7 hell rats
  3 iguanas
  35 orc wizards
  10 adders
  6 gnolls
  7 river rats (Lair:3)
  2 shadow imps
  2 white imps (D:6)
  3 ufetubi
  2 worms
  4 dart slugs
  94 orcs
  4 endoplasms
  5 giant cockroaches
  7 hobgoblins
  2 jackals (D:3)
  10 kobolds
  4 quokkas
  6 ball pythons
  7 bats
  4 frilled lizards
  9 goblins
  9 rats
  A butterfly (Lair:4)
621 creatures vanquished.

Vanquished Creatures (others)
  A fire vortex (Lair:2)
  22 fungi
  52 plants
75 creatures vanquished.

Grand Total: 696 creatures vanquished

Notes
Turn   | Place    | Note
-------+----------+-------------------------------------------
     0 | D:1      | LustLizard the Spriggan Hunter began the quest for the Orb.
     0 | D:1      | Reached XP level 1. HP: 10/10 MP: 2/2
    71 | D:1      | Reached XP level 2. HP: 14/14 MP: 3/3
    86 | D:1      | Found a faded altar of an unknown god.
   743 | D:1      | Reached XP level 3. HP: 18/18 MP: 4/4
  1341 | D:2      | Reached skill level 5 in Ranged Weapons
  1485 | D:2      | Reached XP level 4. HP: 14/22 MP: 5/5
  1640 | D:2      | You fall into a shaft and drop 2 floors!
  2936 | D:3      | Found Oqiwoq's Antique Weapon Boutique.
  3228 | D:3      | Found a runed translucent door.
  3750 | D:3      | Reached XP level 5. HP: 23/25 MP: 6/6
  3879 | D:3      | Noticed tevo3000's ghost (amateur DsCK)
  3942 | D:3      | Killed tevo3000's ghost
  3943 | D:3      | Reached skill level 6 in Ranged Weapons
  3943 | D:3      | Reached skill level 5 in Stealth
  4060 | D:4      | Found a staircase to the Ecumenical Temple.
  4065 | Temple   | Entered the Ecumenical Temple
  4159 | Temple   | Became a worshipper of Dithmenos the Shadowed
  4253 | D:4      | Noticed a phantom
  4267 | D:4      | Reached XP level 6. HP: 8/30 MP: 7/7
  4586 | D:4      | Noticed an ice beast
  4606 | D:4      | Killed an ice beast
  4607 | D:4      | Reached skill level 7 in Ranged Weapons
  4629 | D:4      | Reached XP level 7. HP: 33/33 MP: 8/8
  5122 | D:5      | Entered Level 5 of the Dungeon
  5290 | D:4      | Reached skill level 8 in Ranged Weapons
  5545 | D:5      | Reached XP level 8. HP: 37/37 MP: 9/9
  5620 | D:5      | Reached skill level 5 in Dodging
  5668 | D:5      | Reached * piety under Dithmenos
  5669 | D:5      | Reached skill level 9 in Ranged Weapons
  6935 | D:6      | Reached skill level 10 in Ranged Weapons
  8550 | D:7      | Reached XP level 9. HP: 22/41 MP: 10/10
  9247 | D:7      | Reached skill level 11 in Ranged Weapons
  9279 | D:7      | Reached ** piety under Dithmenos
  9622 | D:7      | Found a basalt altar of Yredelemnul.
  9622 | D:7      | Found a snail-covered altar of Cheibriados.
 10070 | D:8      | Reached skill level 12 in Ranged Weapons
 10386 | D:8      | Found an iron altar of Okawaru.
 10424 | D:8      | Noticed a two-headed ogre
 10483 | D:8      | Killed a two-headed ogre
 10484 | D:8      | Reached XP level 10. HP: 46/46 MP: 11/11
 10496 | D:8      | Noticed a two-headed ogre
 10553 | D:8      | Killed a two-headed ogre
 10554 | D:8      | Reached skill level 10 in Dodging
 10585 | D:8      | Found an ornate altar of the Wu Jian Council.
 10658 | D:8      | Reached skill level 13 in Ranged Weapons
 10940 | D:8      | Found Waixtu's Antique Armour Boutique.
 11424 | D:9      | Found Juzum's Specific Store.
 11426 | D:9      | Found Ken Uraj's General Store.
 11438 | D:9      | Learned a level 3 spell: Ignite Poison
 11442 | D:9      | Bought a book of Vapours for 240 gold pieces
 11445 | D:9      | Learned a level 2 spell: Poisonous Vapours
 11504 | D:9      | Found a staircase to the Lair.
 11719 | D:9      | Found Cexuvay's Antique Weapon Shoppe.
 11779 | D:9      | Reached skill level 1 in Evocations
 11797 | D:9      | Reached *** piety under Dithmenos
 11798 | D:9      | Reached skill level 1 in Transmutations
 11798 | D:9      | Reached skill level 1 in Poison Magic
 11938 | D:9      | Noticed a two-headed ogre
 11978 | D:9      | Killed a two-headed ogre
 11979 | D:9      | Reached skill level 1 in Fire Magic
 11979 | D:9      | Reached skill level 1 in Air Magic
 12226 | D:9      | Reached XP level 11. HP: 31/50 MP: 12/12
 12598 | D:10     | Entered Level 10 of the Dungeon
 12638 | D:10     | Found a radiant altar of Vehumet.
 12938 | D:10     | Reached skill level 1 in Spellcasting
 13085 | D:10     | Noticed a two-headed ogre
 13116 | D:10     | Killed a two-headed ogre
 13173 | D:10     | Found a broken altar of Ashenzari.
 13178 | D:10     | Reached **** piety under Dithmenos
 13378 | D:10     | Found a staircase to the Orcish Mines.
 13691 | D:11     | Noticed a two-headed ogre
 13696 | D:11     | Killed a two-headed ogre
 13736 | D:11     | Reached skill level 5 in Transmutations
 14052 | D:11     | Reached skill level 14 in Ranged Weapons
 14261 | D:11     | Noticed a seven-headed hydra
 14284 | D:11     | Killed a seven-headed hydra
 14534 | D:12     | Noticed a white ugly thing
 14766 | D:12     | Found a gate leading to a gauntlet.
 14816 | D:12     | Noticed a purple ugly thing
 14819 | D:12     | Reached XP level 12. HP: 56/56 MP: 18/18
 14834 | D:12     | Reached skill level 5 in Poison Magic
 14849 | Gauntlet | Entered a Gauntlet
 14849 | Gauntlet | Found a transporter.
 14859 | Gauntlet | Found a transporter.
 14870 | Gauntlet | Found a transporter.
 14873 | Gauntlet | Found a transporter.
 14877 | Gauntlet | Found a runed translucent door.
 14880 | Gauntlet | Found a runed translucent door.
 14882 | Gauntlet | Found a transporter.
 14898 | Gauntlet | Found a transporter.
 14908 | Gauntlet | Noticed a blizzard demon
 14909 | Gauntlet | Found a transporter.
 14916 | Gauntlet | Noticed a death yak
 14916 | Gauntlet | Noticed a death yak
 14917 | Gauntlet | Noticed a death yak
 14917 | Gauntlet | Noticed a death yak
 14918 | Gauntlet | Found the +3 pair of gauntlets of War {Slay+5}
 14919 | Gauntlet | Found a transporter.
 14935 | Gauntlet | Found a transporter.
 14998 | Gauntlet | Found a transporter.
 15006 | Gauntlet | Found a transporter.
 15257 | Gauntlet | Found a transporter.
 15258 | Gauntlet | Found a transporter.
 15320 | Gauntlet | Noticed a minotaur
 15344 | Gauntlet | Killed a minotaur
 15450 | Gauntlet | Identified a scroll of acquirement
 15451 | Gauntlet | Acquired a +0 hand crossbow of flaming
 15660 | D:12     | Noticed a four-headed hydra
 15664 | D:12     | Killed a four-headed hydra
 15996 | D:12     | Reached skill level 1 in Shields
 16121 | D:13     | Noticed a centaur warrior
 16212 | Lair:1   | Entered Level 1 of the Lair of Beasts
 16438 | Lair:1   | Reached ***** piety under Dithmenos
 16543 | Lair:1   | Reached skill level 15 in Ranged Weapons
 16558 | Lair:1   | Found a white marble altar of Elyvilon.
 16718 | Lair:1   | Noticed a boulder beetle
 16836 | Lair:1   | Killed a boulder beetle
 16837 | Lair:1   | Reached skill level 5 in Evocations
 17198 | Lair:2   | Reached skill level 5 in Fighting
 17437 | Lair:2   | Reached XP level 13. HP: 54/63 MP: 19/19
 18000 | Lair:3   | Found a radiant altar of Vehumet.
 18167 | Lair:3   | Reached skill level 16 in Ranged Weapons
 18344 | Lair:3   | Found a staircase to the Snake Pit.
 18554 | Lair:3   | Found a staircase to the Shoals.
 18904 | Lair:4   | Reached ****** piety under Dithmenos
 19021 | Lair:4   | Learned a level 5 spell: Irradiate
 19154 | Lair:4   | Reached skill level 1 in Conjurations
 19559 | Lair:5   | Entered Level 5 of the Lair of Beasts
 19710 | Lair:5   | Identified the +5 spear of Luxury {freeze, Stlth+}
 19803 | Lair:5   | Reached skill level 17 in Ranged Weapons
 19809 | Lair:5   | Reached skill level 5 in Shields
 19809 | Lair:5   | Reached XP level 14. HP: 49/70 MP: 20/20
 20071 | Lair:5   | Found a viscous altar of Jiyva.
 20071 | Lair:5   | Found a staircase to the Slime Pits.
 20893 | Orc:1    | Entered Level 1 of the Orcish Mines
 20912 | Orc:1    | Found a bloodstained altar of Trog.
 20928 | Orc:1    | Noticed an orc warlord
 20988 | Orc:1    | Killed an orc warlord
 21021 | Orc:1    | Found Ciuceare's Book Boutique.
 21029 | Orc:1    | Noticed an orc warlord
 21046 | Orc:1    | Killed an orc warlord
 21166 | Orc:1    | Reached skill level 10 in Transmutations
 21402 | Orc:2    | Entered Level 2 of the Orcish Mines
 21459 | Orc:2    | Noticed Jorgrun
 21460 | Orc:2    | Found a staircase to the Elven Halls.
 21850 | Orc:2    | Found a frozen archway.
 21889 | Orc:2    | HP: 1/72 [Jorgrun/iron shot (12)]
 21890 | Orc:2    | Constricted to death by Jorgrun

Illustrated notes

Levels and vault maps discovered:
D:1:      dpeg_arrival_court, layout_basic, serial_glass, glass_columns_b,
          glass_columns_c, glass_columns_c, glass_columns_b, glass_columns_a,
          glass_columns_c, glass_columns_a, glass_columns_b, glass_columns_a,
          glass_columns_a, shapermc_ecumenical_altar_petra
D:2:      layout_basic
D:3:      layout_loops_corners, ebering_ghost_reflecting_pool, serial_shops,
          nicolae_square_shop
D:4:      layout_gridville, minmay_temple_entry_arrows, grunt_ministairs_5,
          hangedman_decor_growths
D:5:      layout_rooms, serial_bayou_lagoon_b
D:6:      layout_loops_corners, minivault_11
D:7:      layout_basic, gammafunk_temple_overflow_elements, dk_vineyard_2,
          minivault_22, serial_bayou_pond_b, chequers_serial_rivers_marsh,
          hangedman_abyss_or_decor_stabs, ebering_dispersal_statue_hall,
          kennysheep_crisscross
D:8:      layout_basic, mainiacjoe_overflow_surrounded_room,
          mainiacjoe_overflow_concentric_impassable, serial_shops, shop
D:9:      layout_cave_pools, lair_entry_dummy, serial_shops, shop,
          nicolae_specific_store, corexii_checkpoint_a, fountainhead,
          minmay_crystal_room
D:10:     layout_basic, vehumet_altar_wand_db, cheibrodos_ashenzari_chains,
          david_orc_5
D:11:     layout_layer_cave, amcnicky_mini_rare_corridor_liquid,
          minmay_misc_feat_more_columns, st_stairs_5
D:12:     layout_gridville, gauntlet_entry_generic
D:13:     layout_roguey, lemuel_freeze_loot_1, uniq_nessos, uniq_rupert
Temple:   minmay_temple_bridge_d
Lair:1:   layout_cave_pods, basic_altar, beast_lair_carwin_10
Lair:2:   layout_gridlike, serial_rivers, chequers_serial_rivers_room_b,
          chequers_serial_rivers_room_a, chequers_serial_rivers_small_3,
          chequers_serial_rivers_micro_d, chequers_serial_rivers_large_a,
          chequers_serial_rivers_small_3, special_room [special_room_bee]
Lair:3:   layout_chaotic_city, minmay_shoals_entry_beasts,
          minmay_snake_entry_guardpost_medium, basic_altar,
          kennysheep_abandoned_house, serial_bayou_shore_b, lemuel_fruit_fields
Lair:4:   layout_loops_ring, grunt_megastairs_4, lemuel_fruit_fields,
          infiniplex_staircase_pool_2
Lair:5:   hangedman_lair_in_review, layout_hall_layers, slime_entry_1
Orc:1:    layout_caves, serial_shops, nicolae_shop_statue_plus, basic_altar,
          hellmonk_bongcloud_opening
Orc:2:    st_orc_town, layout_caves, portal_ice_cave_entry_pillars_1,
          mines2_david, uniq_jorgrun

Skill      XL: |  1  2  3  4  5  6  7  8  9 10 11 12 13 14 |
---------------+-------------------------------------------+-----
Stealth        | 2 3 4 5 6 7 |  7.1
Ranged Weapons | 5 6 7 8 10 12 13 14 15 17 | 17.7
Dodging        | 4 7 9 10 | 10.8
Evocations     | 2 6 |  6.0
Transmutations | 3 6 8 10 | 10.8
Poison Magic   | 2 4 5 |  5.0
Fire Magic     | 1 4 |  4.2
Air Magic      | 2 |  2.2
Fighting       | 2 3 5 6 7 |  7.2
Spellcasting   | 3 |  3.4
Shields        | 3 5 |  5.7
Conjurations   | 2 4 |  4.8

Action                   |  1- 3 |  4- 6 |  7- 9 | 10-12 | 13-15 || total
-------------------------+-------+-------+-------+-------+-------++-------
 Fire: Shortbow          |   103 |   150 |   427 |    84 |       ||   764
       Arbalest          |       |       |       |   381 |       ||   381
       Hand crossbow     |       |       |       |   176 |   736 ||   912
 Cast: Poisonous Vapours |       |       |       |     6 |       ||     6
       Ignite Poison     |       |       |       |     1 |       ||     1
  Use: Potion            |     2 |       |       |       |       ||     2
       Scroll            |       |     2 |     8 |    16 |     5 ||    31
Armor: Robe              |     2 |     1 |     7 |       |       ||    10
       Acid dragon scale |       |       |     1 |     5 |       ||     6
       Troll leather arm |       |       |       |    27 |    41 ||    68
Dodge: Dodged            |    38 |    15 |   120 |   223 |   327 ||   723
Block: Buckler           |       |       |       |    26 |   142 ||   168
